 Dungeon Crawl Stone Soup version 0.30.1-3-gfc49f6343a (webtiles) character file.

Game seed: 8078284487538580234

219 cdecastro the Cudgeller (level 5, 0/43 HPs)
             Began as an Armataur Warper on Aug 9, 2023.
             Killed from afar by Ijyb (17 damage)
             ... with a bolt of dispelling energy
             ... on level 3 of the Dungeon.
             The game lasted 00:03:53 (2633 turns).

cdecastro the Cudgeller (Armataur Warper)           Turns: 2633, Time: 00:03:53

Health: 0/43       AC:  5    Str: 19    XL:     5   Next: 63%
Magic:  7/7        EV:  9    Int: 13    God:
Gold:   113        SH:  0    Dex:  9    Spells: 7/7 levels left

rFire   . . .        a - +0 mace
rCold   . . .        (no shield)
rNeg    + . .        b - +0 leather armour
rPois   .            l - +0 helmet
rElec   .            (no cloak)
rCorr   .            (no gloves)
SInv    .            (no barding)
Will    .....        (no amulet)
Stlth   +            h - ring of positive energy
HPRegen 0.27/turn    (no ring)
MPRegen 0.10/turn

%: roll
@: no status effects
A: large, rugged brown scales 3, deformed body, armoured tail, roll, long
tongue, awkward tongue
a: no special abilities


You were on level 3 of the Dungeon.
You visited 1 branch of the dungeon, and saw 3 of its levels.

You collected 113 gold pieces.

Inventory:

Hand Weapons
 a - a +0 mace (weapon)
 s - a +0 sling of freezing
Missiles
 d - 7 boomerangs of dispersal (quivered)
Armour
 b - a +0 leather armour (worn)
 l - a +0 helmet (worn)
Jewellery
 h - a ring of positive energy (left hand)
Wands
 m - a wand of roots (7)
Scrolls
 c - a scroll of blinking
 e - a scroll of identify {unknown}
 j - 2 scrolls of teleportation {unknown}
 k - a scroll of butterflies {unknown}
 p - a scroll of vulnerability {unknown}
 q - a scroll of immolation {unknown}
Potions
 f - 2 potions of mutation {unknown}
 g - a potion of berserk rage {unknown}
 i - a potion of curing {unknown}
 n - a potion of ambrosia {unknown}
 o - a potion of flight {unknown}
 r - a potion of degeneration {unknown}


   Skills:
 - Level 1.7 Fighting
 + Level 5.4 Maces & Flails
 - Level 0.8 Throwing
 - Level 1.2 Armour
 - Level 1.3 Dodging
 - Level 1.7 Spellcasting
 - Level 3.0 Translocations


You had 7 spell levels left.
You didn't know any spells.
Your spell library contained the following spells:

 Spells                   Type           Power      Damage    Failure   Level
 Blink                    Tloc           16%        N/A       14%         2
 Lesser Beckoning         Tloc           16%        N/A       14%         2
 Teleport Other           Tloc           8%         N/A       26%         3
 Vhi's Electric Charge    Tloc/Air       10%        N/A       45%         3
 Manifold Assault         Tloc           8%         N/A       65%         4


Dungeon Overview and Level Annotations

Branches:
Dungeon (3/15)

Altars:

Annotations:
D:3 Ijyb


Innate Abilities, Weirdness & Mutations

You are completely covered in rugged brown scales. (AC +3, +7% HP)
Armour fits poorly on your strangely shaped body.
You have a long armoured tail.
You roll when moving toward enemies. (Rampage)
Your long tongue fully drains potion bottles. (2x potion effects)
Your tongue gives you trouble enunciating. (1.5x scroll delay)


Message History

The goblin shouts!
Ijyb shouts!
You sock the goblin!
You kill the goblin!
You roll towards Ijyb!
You hit Ijyb.
Your tail-slap misses Ijyb.
Ijyb is moderately wounded.
Ijyb hits you with a +0 club.
You miss Ijyb.
Ijyb is moderately wounded.
Ijyb misses you. Ijyb closely misses you.
You closely miss Ijyb.
Your tail-slap misses Ijyb.
Ijyb is moderately wounded.
Ijyb barely misses you. The goblin barely misses you.
You barely miss Ijyb. You tail-slap Ijyb.
Ijyb is heavily wounded.
Ijyb zaps a wand.
The bolt of dispelling energy misses you.
The goblin barely misses you.
You hit Ijyb but do no damage.
Ijyb is heavily wounded.
The goblin hits you with the +0 mace of Koclagh {holy, *Rage rN+ Int+5}.
Ijyb barely misses you.
Unknown command.
You closely miss Ijyb.
Ijyb is heavily wounded.
Ijyb zaps a wand.
The bolt of dispelling energy hits you!!
* * * LOW HITPOINT WARNING * * *
The goblin barely misses you.
Unknown command.
You hit Ijyb. You tail-slap Ijyb, but do no damage.
Ijyb is heavily wounded.
Ijyb hits you with a +0 club.
* * * LOW HITPOINT WARNING * * *
The goblin closely misses you.
Unknown command.
You completely miss Ijyb.
Ijyb is heavily wounded.
The goblin goes berserk!
The goblin hits you but does no damage.
Ijyb zaps a wand.
The bolt of dispelling energy hits you!
You die...

#........##########
#........#
########## #
##########
###.....<...
#######...######..
#.))).......#....#
##.#########.....>.
#.@# ###.###.
#gg8.8.8.8 ##..# ##
#......... #..##
#......... ####
#.........
#.........
#.........
#..8.8.8.8
###############


You could see Ijyb and a goblin (berserk).

Vanquished Creatures
  Natasha (twice) (D:3)
  Robin (D:2)
  7 adders
  3 dart slugs
  An orc (D:3)
  3 endoplasms
  3 giant cockroaches
  20 goblins
  8 hobgoblins
  8 jackals
  A quokka (D:3)
  8 ball pythons
  5 bats
  4 frilled lizards
  2 kobolds (D:1)
  8 rats
84 creatures vanquished.

Notes
Turn   | Place    | Note
-------+----------+-------------------------------------------
     0 | D:1      | cdecastro the Armataur Warper began the quest for the Orb.
     0 | D:1      | Reached XP level 1. HP: 18/18 MP: 3/3
    62 | D:1      | Reached skill level 2 in Maces & Flails
   165 | D:1      | Reached XP level 2. HP: 20/25 MP: 4/4
   513 | D:1      | Reached skill level 3 in Maces & Flails
   666 | D:1      | Reached XP level 3. HP: 29/31 MP: 5/5
  1042 | D:2      | Reached skill level 4 in Maces & Flails
  1042 | D:2      | Reached XP level 4. HP: 28/38 MP: 6/6
  1487 | D:2      | Noticed Robin
  1515 | D:2      | Killed Robin
  2018 | D:3      | Reached XP level 5. HP: 21/43 MP: 7/7
  2139 | D:3      | Noticed Natasha
  2153 | D:3      | Killed Natasha
  2154 | D:3      | Reached skill level 5 in Maces & Flails
  2398 | D:3      | Noticed Natasha
  2414 | D:3      | Killed Natasha
  2624 | D:3      | Identified the +0 mace of Koclagh {holy, *Rage rN+ Int+5}
  2624 | D:3      | Noticed Ijyb
  2633 | D:3      | Killed from afar by Ijyb

Illustrated notes

Levels and vault maps discovered:
D:1:      matt_arrival_diagonals, layout_basic
D:2:      layout_rooms, uniq_robin
D:3:      kennysheep_the_goblin_king, layout_rooms, kennysheep_generic_room_7,
          uniq_natasha

Skill      XL: |  1  2  3  4  5 |
---------------+----------------+-----
Maces & Flails | 2 3 4 5 |  5.4
Fighting       | |  1.7
Throwing       | |  0.8
Armour         | |  1.2
Dodging        | |  1.3
Spellcasting   | |  1.7
Translocations | |  3.0

Action                     |  1- 3 |  4- 6 || total
---------------------------+-------+-------++-------
  Melee: Mace              |   118 |   160 ||   278
         Tailslap          |     2 |    16 ||    18
 Armour: Leather armour    |    40 |    73 ||   113
  Dodge: Dodged            |    60 |    92 ||   152
